 Dungeon Crawl Stone Soup version 0.29-a0-359-g541a27f54d (webtiles) character file.

Game seed: 5569225001804116775

779 Querens the Conjurer (level 7, -2/36 HPs)
             Began as a Deep Elf Conjurer on Apr 28, 2022.
             Was an Initiate of Vehumet.
             Slain by a wight
             ... wielding a +4 halberd of freezing
              (17 damage)
             ... on level 6 of the Dungeon.
             The game lasted 00:14:21 (3162 turns).

Querens the Conjurer (Deep Elf Conjurer)            Turns: 3162, Time: 00:14:22

Health: -2/36      AC:  7    Str:  4    XL:     7   Next: 54%
Magic:  14/19      EV: 19    Int: 25    God:    Vehumet [......]
Gold:   184        SH:  5    Dex: 13    Spells: 8/19 levels left

rFire   . . .      SeeInvis .   t - +10 zealot's sword {holy, *Rage rN+ EV+3}
rCold   . . .      Faith    .   e - +0 buckler
rNeg    + . .      Spirit   .   a - +0 robe
rPois   .          Reflect  .   w - +1 helmet
rElec   .          Harm     .   x - +2 cloak
rCorr   .          Rampage  .   (no gloves)
Will    .....      Rage     20% (no boots)
Stlth   ++........              (no amulet)
HPRegen 0.12/turn               s - +4 ring of evasion
MPRegen 0.16/turn               (no ring)

@: on berserk cooldown, slowed, very slow
A: no striking features
a: Renounce Religion


You were on level 6 of the Dungeon.
You worshipped Vehumet.
Vehumet was noncommittal.
You visited 2 branches of the dungeon, and saw 7 of its levels.

You collected 359 gold pieces.
You spent 175 gold pieces at shops.

Inventory:

Hand Weapons
 t - the +10 zealot's sword (weapon) {holy, *Rage rN+ EV+3}
   (You took it off a hobgoblin on level 3 of the Dungeon)

   It has been blessed by the Shining One to cause great damage to the undead
   and demons.
   Whenever the wielder enters a berserk rage, their allies are berserked
   alongside them.
   EV:        It affects your evasion (+3).
   rN:        It protects you from negative energy.
   *Rage:     It berserks you when you make melee attacks (+20% chance).
Armour
 a - a +0 robe (worn)
 e - a +0 buckler (worn)
 w - a +1 helmet (worn)
 x - a +2 cloak (worn)
Jewellery
 s - a +4 ring of evasion (left hand)
Scrolls
 c - 2 scrolls of blinking
 d - 2 scrolls of enchant armour
 h - a scroll of torment {unknown}
 j - 2 scrolls of amnesia {unknown}
 m - a scroll of silence {unknown}
 n - a scroll of immolation {unknown}
 q - 3 scrolls of magic mapping
 u - 5 scrolls of teleportation
 z - a scroll of fear
Potions
 b - a potion of magic
 f - 2 potions of lignification
 g - 2 potions of curing
 k - 3 potions of resistance {unknown}
 l - 3 potions of heal wounds
 o - 2 potions of degeneration {unknown}
 p - a potion of haste {unknown}
 r - a potion of might
 v - 2 potions of brilliance


   Skills:
 - Level 2.4 Dodging
 - Level 2.4 Stealth
 + Level 3.5 Shields
 + Level 6.8 Spellcasting
 + Level 6.8 Conjurations
 + Level 2.1 Translocations


You had 8 spell levels left.
You knew the following spells:

 Your Spells              Type           Power      Damage    Failure   Level
a - Magic Dart            Conj           100%       1d8       1%          1
b - Searing Ray           Conj           86%        2d7       1%          2
c - Iskenderun's Mystic   Conj/Tloc      31%        2d8       14%         4
d - Fulminant Prism       Conj/Hex       12%        3d9       22%         4

Your spell library contained the following spells:

 Spells                   Type           Power      Damage    Failure   Level
 Dazzling Flash           Conj/Hex       50%        N/A       7%          3
 Ensorcelled Hibernation  Hex/Ice        16%        N/A       14%         2
 Sublimation of Blood     Necr           8%         N/A       14%         2
 Wereblood                Tmut           8%         N/A       14%         2
 Spider Form              Tmut/Pois      8%         N/A       26%         3
 Anguish                  Hex/Necr       4%         N/A       65%         4
 Summon Hydra             Summ           4%         N/A       100%        7


Dungeon Overview and Level Annotations

Branches:
Dungeon (6/15)             Temple (1/1) D:5

Altars:
Ashenzari
Elyvilon
Gozag
Hepliaklqana
Okawaru
Qazlal
Ru
Sif Muna
Trog
Uskayaw
Vehumet
Wu Jian
Xom
Zin
The Shining One

Shops:
D:3 (   D:4 (   D:5 ?


Message History

You are exhausted.
You feel yourself slow down.
Casting: Searing Ray (safe; 1% risk of failure)
Confirm with . or Enter, or press ? or * to list all spells.
Aiming: Searing Ray (safe; 1% risk of failure)
Press: ? - help, Shift-Dir - straight line, f - wight
Aim: a wight, wielding a +0 mace and wearing a +0 robe (82% to hit)
The searing ray misses the wight.
The searing ray hits the wight.
The wight is moderately damaged. (Press . to maintain the ray.)
The wight hits you with a +0 mace.
The searing ray hits the wight!
The wight is heavily damaged.
The searing ray misses the wight.
The searing ray hits the wight!
The wight is heavily damaged.
You block the wight's attack. The wight completely misses you.
The wight closely misses you. The wight hits you with a +0 mace.
You partially resist.
You feel drained.
Unknown command.
The searing ray hits the wight!
You destroy the wight!
Vehumet accepts your kill.
The searing ray hits the wight.
The wight is heavily damaged.
The searing ray hits the wight.
The wight is heavily damaged.
The wight closely misses you.
Your life force feels restored.
Your Translocations skill increases to level 2!
Unknown command.
Unknown command.
The searing ray hits the wight.
The wight is heavily damaged.
The searing ray hits the wight.
You destroy the wight!
Vehumet accepts your kill.
You finish channelling your searing ray.
The wight completely misses you.
The wight hits you from afar with a +4 halberd of freezing!
You die...

.... #.. #.. #..
.. # #.# #.#
#<###.##.##...#
..........z.# #
..# #.##)####.#
#.#.#.#.lz)@..#
#.#......######
## #.###.#.##
.#####.....#.####
.......##.......#
.#####.##<##.##.#
##
#......##.##.###
#......##......#
#......#####.#.##


You could see an iguana and a wight.

Vanquished Creatures
  A necrophage (D:5)
  4 scorpions
  4 wights (D:6)
  A howler monkey (D:5)
  A jelly (D:5)
  A hound (D:4)
  An orc priest (D:5)
  An orc wizard (D:5)
  Robin (D:4)
  6 adders
  An ufetubus (D:5)
  A worm (D:2)
  7 orcs
  2 ball pythons
  3 bats
  10 endoplasms
  A giant cockroach (D:1)
  13 goblins
  15 hobgoblins
  5 quokkas
  3 frilled lizards
  8 kobolds
  7 rats
97 creatures vanquished.

Vanquished Creatures (others)
  3 plants (D:5)
3 creatures vanquished.

Grand Total: 100 creatures vanquished

Notes
Turn   | Place    | Note
-------+----------+-------------------------------------------
     0 | D:1      | Querens the Deep Elf Conjurer began the quest for the Orb.
     0 | D:1      | Reached XP level 1. HP: 10/10 MP: 6/6
   180 | D:1      | Reached XP level 2. HP: 15/15 MP: 5/8
   216 | D:1      | Learned a level 2 spell: Searing Ray
   220 | D:1      | Found a faded altar of an unknown god.
   430 | D:1      | Reached XP level 3. HP: 19/19 MP: 0/10
   828 | D:2      | Reached skill level 1 in Shields
   894 | D:2      | Reached skill level 5 in Conjurations
  1413 | D:3      | Reached XP level 4. HP: 22/24 MP: 3/12
  1557 | D:3      | Found Reqoher's Weapon Shop.
  1717 | D:4      | Found a broken altar of Ashenzari.
  1728 | D:4      | Found Haob's Weapon Shop.
  1755 | D:4      | Reached XP level 5. HP: 28/28 MP: 8/14
  1802 | D:4      | Reached skill level 5 in Spellcasting
  1926 | D:4      | Noticed Robin
  1955 | D:4      | Reached XP level 6. HP: 9/32 MP: 10/16
  1958 | D:4      | Killed Robin
  2263 | D:5      | Entered Level 5 of the Dungeon
  2285 | D:5      | Found a staircase to the Ecumenical Temple.
  2303 | Temple   | Entered the Ecumenical Temple
  2360 | Temple   | Became a worshipper of Vehumet
  2412 | D:5      | Found a stormy altar of Qazlal.
  2484 | D:5      | Learned a level 4 spell: Iskenderun's Mystic Blast
  2489 | D:5      | Learned a level 4 spell: Fulminant Prism
  2640 | D:5      | Reached XP level 7. HP: 36/36 MP: 14/18
  2816 | D:5      | Reached skill level 1 in Translocations
  2821 | D:5      | Noticed a yak
  2945 | D:5      | Found Plog's Magic Scroll Emporium.
  2951 | D:5      | Bought a scroll of identify for 28 gold pieces
  2951 | D:5      | Bought a scroll of fear for 49 gold pieces
  2951 | D:5      | Bought a scroll of noise for 14 gold pieces
  2951 | D:5      | Bought a scroll of identify for 28 gold pieces
  2951 | D:5      | Bought 2 scrolls of identify for 56 gold pieces
  3162 | D:6      | Slain by a wight

Illustrated notes

Levels and vault maps discovered:
D:1:      eino_arrival_tree_alley, layout_basic,
          chequers_ecumenical_altar_simple_redux
D:2:      layout_basic
D:3:      layout_rooms, serial_shops, nicolae_shop_bloodbath_and_beyond
D:4:      layout_loops_cross, ashenzari_conservatory_becter, serial_shops,
          nicolae_shop_crystal, st_stairs_5, uniq_robin
D:5:      layout_cave_pods, mainiacjoe_overflow_boulevard,
          minmay_temple_entry_gardened_gates, serial_shops, nicolae_shop_trees
D:6:      lemuel_slime, layout_loops_cross, fedhas_ov_isle_minmay,
          corexii_corridor_pit, minmay_starry_boxes
Temple:   dshaligram_water_room_temple

Skill      XL: |  1  2  3  4  5  6  7 |
---------------+----------------------+-----
Shields        | 1 2 3 |  3.5
Spellcasting   | 4 5 6 |  6.8
Conjurations   | 5 6 |  6.8
Translocations | 2 |  2.1
Dodging        | |  2.4
Stealth        | |  2.4

Action                   |  1- 3 |  4- 6 |  7- 9 || total
-------------------------+-------+-------+-------++-------
Melee: Unarmed           |     1 |       |       ||     1
       Short sword       |    16 |     6 |       ||    22
       Eudemon blade     |       |    42 |    16 ||    58
 Cast: Magic Dart        |    40 |     3 |     1 ||    44
       Searing Ray       |    10 |    16 |     5 ||    31
  Use: Potion            |       |     2 |       ||     2
       Scroll            |       |       |     8 ||     8
 Stab: Sleeping          |     2 |     1 |       ||     3
Armor: Robe              |     5 |    17 |     4 ||    26
Dodge: Dodged            |    16 |    44 |    22 ||    82
Block: Buckler           |     3 |     9 |     6 ||    18

Table legend: (Time is in decaauts)
 A = Elapsed time spent in this place.
 B = Non-inter-level travel time spent in this place.
 C = Inter-level travel time spent in this place.
 D = Time resting spent in this place.
 E = Time spent auto-exploring this place.
 F = Levels seen in this place.
 G = Mean time per level.
                   A        B        C        D        E       F      G
               +--------+--------+--------+--------+--------+-----+--------+
         Total |   3212 |   2864 |    348 |      0 |      0 |   7 |  458.9 |
       Dungeon |   3146 |   2806 |    340 |      0 |      0 |   6 |  524.3 |
        Temple |     66 |     58 |      8 |      0 |      0 |   1 |   66.0 |
               +--------+--------+--------+--------+--------+-----+--------+

Top non-repeatable levels by time:
     D:5: 719 daAuts
     D:2: 716 daAuts
     D:1: 658 daAuts
     D:4: 611 daAuts
     D:3: 343 daAuts
     D:6: 96 daAuts
  Temple: 66 daAuts
